 Dungeon Crawl Stone Soup version 0.15-a0-809-g8e1b895 (console) character file.

957 PlasticSurgery the Basher (level 7, 0/66 HPs)
             Began as a Troll Monk on May 14, 2014.
             Was a Priest of Okawaru.
             Slain by an orc warrior
             ... wielding a +0,+0 flail
              (4 damage)
             ... on Level 6 of the Dungeon.
             The game lasted 00:04:37 (830 turns).

PlasticSurgery the Basher (Troll Monk)               Turns: 830, Time: 00:04:37

HP   0/66        AC  5     Str 20      XL: 7   Next: 91%
MP  12/12        EV 11     Int  6      God: Okawaru [***...]
Gold 75          SH  0     Dex 14      Spells:  0 memorised,  6 levels left

rFire  + . .     SeeInvis .     v - +1,+0 whip (elec)
rCold  . . .     Clarity  .     a - +0 robe
rNeg   . . .     Conserve .     (shield restricted)
rPois  .         rCorr    .     (helmet restricted)
rElec  .         rRot     .     (no cloak)
SustAb . .       Spirit   .     (gloves unavailable)
rMut   .         Warding  .     (boots unavailable)
Gourm  +         Stasis   .     (no amulet)
MR     .....                    r - ring of protection from fire
                                d - ring of magical power

@: flying, not resistant to hostile enchantments, unstealthy
A: unfitting armour, claws 3, fast metabolism 3, gourmand, regeneration 2,
saprovore 2, shaggy fur 1, tough skin 2
a: Heroism, Renounce Religion


You were on level 6 of the Dungeon.
You worshipped Okawaru.
Okawaru was most pleased with you.
You were hungry.

You visited 2 branches of the dungeon, and saw 7 of its levels.

You collected 75 gold pieces.

Inventory:

Hand weapons
 f - a +1,+0 club
 u - a +0,+0 giant spiked club
 v - a +1,+0 whip of electrocution (weapon)
 B - a +0,+0 giant club
Armour
 a - a +0 robe (worn)
 q - a +0 robe
 w - a +0 animal skin
 x - a +0 robe
Magical devices
 j - a wand of fire (10)
 p - a wand of magic darts (5)
 z - a wand of cold (6)
Comestibles
 b - 2 meat rations
Scrolls
 e - a scroll of fog {unknown}
 g - 3 scrolls of identify {unknown}
 i - a scroll of teleportation {unknown}
 l - a scroll of magic mapping {unknown}
 m - a scroll of recharging {unknown}
 n - a scroll of enchant armour {unknown}
 y - a scroll of blinking {unknown}
Jewellery
 d - a ring of magical power (left claw)
 r - a ring of protection from fire (right claw)
Potions
 c - a potion of flight
 h - a potion of restore abilities {unknown}
 o - a potion of resistance {unknown}
 s - 2 potions of berserk rage {unknown}
 t - a potion of heal wounds {unknown}
Books
 A - a book of Necromancy

   Spells                             Type                      Level
   Pain                               Necromancy                   1
   Animate Skeleton                   Necromancy                   1
   Vampiric Draining                  Necromancy                   3
   Regeneration                       Charms/Necromancy            3
   Animate Dead                       Necromancy                   4
   Control Undead                     Necromancy                   4


   Skills:
 - Level 2.4 Fighting
 + Level 8.0 Maces & Flails
 - Level 2.9 Dodging
 - Level 1.1 Stealth
 - Level 4.0 Unarmed Combat


You had 6 spell levels left.
You didn't know any spells.

Dungeon Overview and Level Annotations

Branches:
Dungeon (6/15)             Temple (1/1) D:4

Altars:
Ashenzari
Dithmenos
Elyvilon
Gozag
Nemelex Xobeh
Okawaru
Vehumet


Innate Abilities, Weirdness & Mutations

You are too large for most types of armour.
You have claws for hands.
Your metabolism is lightning-fast.
You like to eat raw meat.
You heal very quickly.
You can eat rotten meat.
You are covered in fur (AC +1).
You have very tough skin (AC +2).


Message History

You hit the orc but do no damage.
There is a sudden explosion of sparks!
You kill the orc!
Okawaru accepts your kill.
You hit the orc warrior but do no damage.
The orc warrior hits you with a flail!
You hit the orc warrior.
The orc warrior is lightly wounded.
You hit the orc warrior but do no damage.
The orc warrior is lightly wounded.
The orc warrior hits you with a flail!
The orc priest calls down the wrath of Beogh upon you.
Something smites you!
* * * LOW HITPOINT WARNING * * *
Drink which item? (? for menu, Esc to quit)
You feel very buoyant.
You fly up into the air.
It was a potion of flight.
The orc priest calls upon Beogh to heal the orc warrior.
The orc warrior's wounds heal themselves!
The orc warrior hits you with a flail.
You die...

# #.#.#.# #..#
#.#.#...####..#
######.#...........#
...................#
########......#%...#
#.###..#.#..# #.#
#oo..oo.# ###### #.#
#o##.#..# .....# #.#
#@##.#..# #.##.# #.#
#)##.o..# ...# # #.#
#.####?o# #.## #.#
#.# #Zo# #.# #.# #.#
#.o# #.# #.# #.#
#o.# #.# #.# #o.#
#.# #.# .... #.##
#.# ...


You could see an orc warrior, an orc priest and an orc.

Vanquished Creatures
  Pikel (D:6)
  An orc warrior (D:6)
  A slave (D:6)
  2 ogres (D:6)
  A phantom (D:4)
  Blork the orc (D:5)
  2 worker ants
  2 adders
  A giant gecko (D:4)
  2 orcs (D:6)
  A ball python (D:3)
  2 bat skeletons
  A giant cockroach (D:3)
  2 goblins
  2 hobgoblins
  2 kobolds
  A quokka (D:4)
  3 jackals (D:1)
  4 rats
32 creatures vanquished.

Notes
Turn   | Place    | Note
--------------------------------------------------------------
     0 | D:1      | PlasticSurgery, the Troll Monk, began the quest for the Orb.
     0 | D:1      | Reached XP level 1. HP: 22/22 MP: 1/1
   245 | D:3      | Reached XP level 2. HP: 21/29 MP: 1/1
   289 | D:4      | Noticed a phantom
   311 | D:4      | Killed a phantom
   311 | D:4      | Reached XP level 3. HP: 18/36 MP: 2/2
   311 | D:4      | Reached XP level 4. HP: 22/44 MP: 2/2
   374 | D:4      | Found a staircase to the Ecumenical Temple.
   393 | Temple   | Entered the Ecumenical Temple
   404 | Temple   | Became a worshipper of Warmaster Okawaru
   404 | Temple   | Acquired Okawaru's first power
   448 | D:4      | Found a shattered altar of Ashenzari.
   485 | D:5      | Entered Level 5 of the Dungeon
   535 | D:5      | Noticed Blork the orc
   544 | D:5      | Killed Blork the orc
   544 | D:5      | Reached XP level 5. HP: 17/50 MP: 2/2
   586 | D:6      | Noticed a slave
   591 | D:6      | Noticed an ogre
   592 | D:6      | Noticed Pikel
   595 | D:6      | Noticed a slave
   596 | D:6      | Noticed a slave
   610 | D:6      | Killed a slave
   614 | D:6      | Killed an ogre
   614 | D:6      | Reached skill level 5 in Maces & Flails
   614 | D:6      | Reached XP level 6. HP: 42/59 MP: 3/3
   618 | D:6      | Killed Pikel
   618 | D:6      | Reached skill level 7 in Maces & Flails
   618 | D:6      | Reached XP level 7. HP: 49/66 MP: 3/3
   620 | D:6      | Noticed a freed slave
   706 | D:6      | Noticed an ogre
   714 | D:6      | Killed an ogre
   793 | D:6      | Noticed an orc warrior
   794 | D:6      | Noticed an orc warrior
   822 | D:6      | Killed an orc warrior
   822 | D:6      | Reached skill level 8 in Maces & Flails
   830 | D:6      | Slain by an orc warrior

Action                   |  1- 3 |  4- 6 |  7- 9 || total
-------------------------+-------+-------+-------++-------
Melee: Unarmed           |    33 |    34 |       ||    67
       Whip              |       |       |    35 ||    35
Invok: Heroism           |       |     2 |       ||     2
Evoke: Wand              |       |     1 |     2 ||     3
  Use: Scroll            |       |     1 |       ||     1
       Potion            |       |       |     1 ||     1
 Stab: Sleeping          |       |     1 |       ||     1
